 Dungeon Crawl Stone Soup version bcrawl-1.19.2-6-g6a88ae04c9 (webtiles) character file.

Game seed: 13300186608049759694

42 Mrkan the Ducker (level 3, 0/29 HPs)
             Began as a Hill Orc Archaeologist on Dec 21, 2019.
             Succumbed to Terence's poison
             ... on level 2 of the Dungeon.
             The game lasted 00:02:24 (1443 turns).

Mrkan the Ducker (Hill Orc Archaeologist)           Turns: 1443, Time: 00:02:24

Health: 0/29       AC:  6    Str: 14    XL:     3   Next: 56%
Magic:  3/3        EV: 12    Int: 14    God:
Gold:   70         SH:  0    Dex:  9    Spells: 2/2 levels left

rFire    . . .     SeeInvis .   a - +0 whip
rCold    . . .     Gourm    .   (no shield)
rNeg     . . .     Faith    .   b - +1 robe
rPois    .         Spirit   .   c - +1 hat
rElec    .         Reflect  .   (no cloak)
rCorr    .         Harm     .   (no gloves)
MR       .....                  d - +1 pair of boots
Stlth    ++........             (no amulet)
HPRegen  0.09/turn              (no ring)
MPRegen  0.08/turn              (no ring)

@: lethally poisoned (0 -> -9), hasted, studying Fighting, very quick
A: no striking features
a: no special abilities


You were on level 2 of the Dungeon.
You were not hungry.

You visited 1 branch of the dungeon, and saw 2 of its levels.

You collected 70 gold pieces.

Inventory:

Hand Weapons
 a - a +0 whip (weapon)
Armour
 b - a +1 robe (worn)
 c - a +1 hat (worn)
 d - a +1 pair of boots (worn)
Jewellery
 m - a +2 ring of intelligence {unknown}
 n - an uncursed ring of protection from magic {unknown}
Scrolls
 h - 2 scrolls of identify {unknown}
 i - a scroll of amnesia {unknown}
 l - a scroll of magic mapping {unknown}
 o - a scroll of immolation {unknown}
 q - a scroll of fear {unknown}
Potions
 j - a potion of haste
 k - a potion of might {unknown}
Books
 e - a manual of Fighting
Miscellaneous
 f - an ancient crate
Comestibles
 g - 2 rations {!d}
 p - a chunk of flesh


   Skills:
 * Level 2.3 Fighting
   Level 2.3 Short Blades
   Level 2.3 Long Blades
   Level 2.3 Axes
   Level 2.3 Maces & Flails
   Level 2.3 Polearms
   Level 2.3 Staves
 + Level 1.4 Armour
 + Level 2.7 Dodging
 - Level 2.6 Stealth
   Level 2.3 Unarmed Combat


You had 2 spell levels left.
You didn't know any spells.
Your spell library was empty.

Dungeon Overview and Level Annotations

Branches:
Dungeon (2/12)

Altars:

Annotations:
D:2 Terence


Message History

The giant cockroach closely misses you.
You feel sick.
* * * LOW HITPOINT WARNING * * *
You feel sick.
* * * LOW HITPOINT WARNING * * *
You feel sick.
* * * LOW HITPOINT WARNING * * *
You feel sick.
* * * LOW HITPOINT WARNING * * *
You feel sick. The giant cockroach bites you.
* * * LOW HITPOINT WARNING * * *
* * * LOW HITPOINT WARNING * * *
You feel sick.
* * * LOW HITPOINT WARNING * * *
You feel sick.
A frilled lizard comes into view.
* * * LOW HITPOINT WARNING * * *
You feel sick.
It was a potion of haste.
You feel yourself speed up.
You die...

######## ............... ........
...........>. .......#
...........
.......#############+###†........
......................# #)...##+#
................## #..# #....+..#
................##.#..# #....##.#
#.........s##.#..#####.###.#
#........@K@..l............#
#..........####...###.......
#..........##.......#...#(..
#..........####.#...#...#...
#...............##..........
#...........###.##..###.....
#......÷.................#.#
#........................#.#
#........................#.#


You could see Terence, a giant cockroach, a kobold and a frilled lizard
(wandering).

Vanquished Creatures
  A dart slug (D:1)
  2 leopard geckos (D:1)
  6 bats
  2 giant cockroaches (D:2)
  5 goblins
  4 hobgoblins
  6 kobolds
  2 quokkas (D:1)
  2 frilled lizards
  5 rats (D:1)
35 creatures vanquished.

Notes
Turn   | Place    | Note
-------+----------+-------------------------------------------
     0 | D:1      | Mrkan the Hill Orc Archaeologist began the quest for the
                  | Orb.
     0 | D:1      | Reached XP level 1. HP: 15/15 MP: 1/1
    68 | D:1      | Reached skill level 1 in Fighting
   194 | D:1      | Reached XP level 2. HP: 13/23 MP: 2/2
   593 | D:1      | Reached skill level 1 in Armour
   872 | D:1      | Reached XP level 3. HP: 25/29 MP: 3/3
  1421 | D:2      | Noticed Terence
  1442 | D:2      | HP: 1/29 [poisoned by Terence]
  1443 | D:2      | Succumbed to Terence's poison

Skill      XL: |  1  2  3 |
---------------+----------+-----
Fighting       | 1 2 |  2.3
Armour         | 1 |  1.4
Short Blades   | |  2.3
Long Blades    | |  2.3
Axes           | |  2.3
Maces & Flails | |  2.3
Polearms       | |  2.3
Staves         | |  2.3
Dodging        | |  2.7
Stealth        | |  2.6
Unarmed Combat | |  2.3

Action                   || total
-------------------------++-------
Melee: Whip              ||   177
       Punch             ||     1
  Use: Potion            ||     1
 Stab: Sleeping          ||     4
  Eat: Chunk             ||     2
Armor: Robe              ||    93
Dodge: Dodged            ||   179
